 Dungeon Crawl Stone Soup version 0.21.1-1-g345015fe64 (webtiles) character file.

483 JOKERXD40 the Chopper (level 6, 0/84 HPs)
             Began as a Minotaur Berserker on July 9, 2018.
             Was a Believer of Trog.
             Hit by a tomahawk thrown by an orc (2 damage)
             ... on level 5 of the Dungeon.
             The game lasted 00:09:08 (3363 turns).

JOKERXD40 the Chopper (Minotaur Berserker)          Turns: 3363, Time: 00:09:09

Health: 0/84       AC: 15    Str: 28    XL:     6   Next: 87%
Magic:  5/5        EV:  7    Int:  4    God:    Trog [**....]
Gold:   240        SH:  3    Dex: 10    Spells: 5/5 levels left

rFire    . . .     SeeInvis .   a - +0 hand axe (freeze)
rCold    . . .     Gourm    .   u - +0 buckler
rNeg     . . .     Faith    .   m - +0 plate armour
rPois    .         Spirit   .   (helmet restricted)
rElec    .         Reflect  .   k - +0 cloak
rCorr    .         Harm     .   n - +0 pair of gloves
MR       ++...                  g - +0 pair of boots
Stlth    ..........             r - amulet of rage
HPRegen  1.24/turn              (no ring)
MPRegen  0.09/turn              (no ring)

@: berserking (expiring), regenerating, very quick
A: retaliatory headbutt, horns 2
a: Berserk, Trog's Hand, Burn Spellbooks, Renounce Religion, Evoke Berserk Rage


You were on level 5 of the Dungeon.
You worshipped Trog.
Trog was pleased with you.
You were not hungry.

You visited 1 branch of the dungeon, and saw 5 of its levels.

You collected 240 gold pieces.

Inventory:

Hand Weapons
 a - a +0 hand axe of freezing (weapon)
Missiles
 y - 6 tomahawks (quivered)
Armour
 g - a +0 pair of boots (worn)
 k - a +0 cloak (worn)
 m - a +0 plate armour (worn)
 n - a +0 pair of gloves (worn)
 u - a +0 buckler (worn)
Jewellery
 r - an amulet of rage (around neck)
 w - a +3 ring of intelligence
Wands
 t - a wand of digging (14)
Scrolls
 e - 2 scrolls of identify
 f - a scroll of teleportation {unknown}
 h - 2 scrolls of immolation
 i - 3 scrolls of remove curse
 j - a scroll of magic mapping {unknown}
 o - a scroll of enchant weapon {unknown}
 q - 4 scrolls of blinking
 A - a scroll of fear {unknown}
Potions
 b - 2 potions of haste
 d - a potion of invisibility
 l - 2 potions of magic
 p - 2 potions of curing
 s - 2 potions of mutation
 v - a potion of heal wounds
 x - a potion of agility
 z - a potion of brilliance {unknown}
Comestibles
 c - 4 rations


   Skills:
 + Level 5.1 Fighting
 + Level 7.0 Axes
 + Level 4.7 Armour
 + Level 2.9 Dodging
 + Level 1.1 Stealth


You had 5 spell levels left.
You didn't know any spells.

Dungeon Overview and Level Annotations

Branches:
Dungeon (5/15)
 Temple: D:4-7

Altars:
Yredelemnul


Innate Abilities, Weirdness & Mutations

You reflexively headbutt those who attack you in melee.
You have a pair of horns on your head.


Message History

The worker ant is almost dead.
You slash the orc! You freeze the orc.
You kill the orc!
Trog accepts your kill.
The worker ant bites you but does no damage.
You are starving!
You closely miss the worker ant.
The worker ant is almost dead.
The orc throws a tomahawk.
The tomahawk hits you.
* * * LOW HITPOINT WARNING * * *
The orc priest mumbles some strange prayers to Beogh against you.
Beogh smites you!
* * * LOW HITPOINT WARNING * * *
Okay, then.
You are too berserk!
You are too berserk!
You eat one of the 5 rations.
That ration really hit the spot!
You block the worker ant's attack.
The orc throws a tomahawk.
The tomahawk hits you.
You die...

....#... ####
...#..# .....#..#..#
.....#..#..# #
...........# .#
.......o#..#.##.
.....#.o........
........).#######
########)@a......
#.########
###.########
#...........
#..........#
#######..........#
.#.....#..........#
...........######.#.
##.....###.# #.#.##


You could see a worker ant, an orc priest and an orc.

Vanquished Creatures
  The ghost of Htamos the Chopper, an amateur FoFi (D:3)
  A scorpion (D:5)
  2 hounds
  An orc wizard (D:3)
  Jessica (D:3)
  A worker ant (D:5)
  3 gnolls (D:2)
  3 adders
  2 oozes
  5 worms (D:2)
  6 leopard geckos
  5 orcs
  10 bats
  5 giant cockroaches
  4 goblins
  5 hobgoblins
  5 jackals
  3 kobolds
  2 quokkas
  9 frilled lizards
  A jackal skeleton (D:4)
  A leopard gecko skeleton (D:4)
  10 rats
  A spectral orc (D:4)
87 creatures vanquished.

Notes
Turn   | Place    | Note
-------+----------+-------------------------------------------
     0 | D:1      | JOKERXD40 the Minotaur Berserker began the quest for the Orb.
     0 | D:1      | Reached XP level 1. HP: 19/19 MP: 0/0
    13 | D:1      | Reached skill level 4 in Axes
    14 | D:1      | Reached XP level 2. HP: 26/27 MP: 1/1
   354 | D:1      | Reached ** piety under Trog
   354 | D:1      | Reached XP level 3. HP: 33/33 MP: 2/2
  1106 | D:2      | Reached XP level 4. HP: 38/40 MP: 3/3
  1270 | D:2      | Reached skill level 5 in Axes
  1910 | D:3      | Noticed Jessica
  1915 | D:3      | Killed Jessica
  1915 | D:3      | Reached XP level 5. HP: 46/47 MP: 4/4
  1946 | D:3      | Noticed Htamos's ghost (amateur FoFi)
  1956 | D:3      | Killed Htamos's ghost
  1956 | D:3      | Reached skill level 6 in Axes
  1956 | D:3      | Reached skill level 1 in Stealth
  1956 | D:3      | Reached XP level 6. HP: 55/55 MP: 5/5
  2527 | D:4      | Found a basalt altar of Yredelemnul.
  3233 | D:5      | Entered Level 5 of the Dungeon
  3256 | D:5      | Reached skill level 5 in Fighting
  3353 | D:5      | Reached *** piety under Trog
  3353 | D:5      | Reached skill level 7 in Axes
  3362 | D:5      | HP: 1/84 [orc priest/divine providence (10)]
  3363 | D:5      | Hit by a tomahawk thrown by an orc

Skill      XL: |  1  2  3  4  5  6 |
---------------+-------------------+-----
Axes           | 4 5 6 7 |  7.0
Fighting       | 4 5 |  5.1
Armour         | 3 4 |  4.7
Stealth        | 1 |  1.1
Dodging        | |  2.9

Action                   |  1- 3 |  4- 6 || total
-------------------------+-------+-------++-------
Melee: Hand axe          |    84 |   114 ||   198
       Headbutt          |    13 |    17 ||    30
Invok: Trog's Hand       |     1 |     1 ||     2
       Berserk           |       |     2 ||     2
  Use: Potion            |     2 |       ||     2
       Scroll            |       |    11 ||    11
 Stab: Sleeping          |     2 |       ||     2
  Eat: Chunk             |       |     8 ||     8
       Ration            |       |     1 ||     1
Armor: Animal skin       |     8 |       ||     8
       Ring mail         |    25 |     2 ||    27
       Plate armour      |       |    77 ||    77
Dodge: Dodged            |    49 |    40 ||    89
Block: Buckler           |       |     4 ||     4
